 Dungeon Crawl Stone Soup version 0.29.1-1-gd02db6906a (webtiles) character file.

Game seed: 7435875094915321061

157 Bartlander the Ruffian (level 5, 0/45 HPs)
             Began as a Ghoul Monk on Sept 15, 2022.
             Slain by a gnoll
             ... wielding a +0 halberd
              (7 damage)
             ... on level 4 of the Dungeon.
             The game lasted 00:04:35 (3281 turns).

Bartlander the Ruffian (Ghoul Monk)                 Turns: 3281, Time: 00:04:36

Health: 0/45       AC:  9    Str: 17    XL:     5   Next: 38%
Magic:  0/4        EV:  7    Int: 11    God:
Gold:   150        SH:  0    Dex: 11    Spells: 4/4 levels left

rFire   . . .      SeeInvis .     - Unarmed
rCold   + . .      Faith    .   (no shield)
rNeg    + + +      Spirit   +   n - +1 chain mail
rPois   ∞          Reflect  .   (no helmet)
rElec   .          Harm     .   (no cloak)
rCorr   .          Rampage  .   (no gloves)
Will    .....                   (no boots)
Stlth   ..........              j - amulet of guardian spirit
HPRegen 0.00/turn               i - +6 ring of intelligence
MPRegen 0.09/turn               (no ring)

@: inhibited regen
A: claws 1, cold resistance 1, negative energy resistance 3, inhibited
regeneration, torment resistance 2, devour on kill
a: no special abilities


You were on level 4 of the Dungeon.
You visited 1 branch of the dungeon, and saw 4 of its levels.

You collected 150 gold pieces.

Inventory:

Armour
 n - a +1 chain mail (worn)
Jewellery
 i - a +6 ring of intelligence (left claw)
 j - an amulet of guardian spirit (around neck)
Scrolls
 h - 2 scrolls of identify
Potions
 a - 2 potions of lignification {unknown}
 b - a potion of ambrosia
 c - a potion of haste {unknown}
 d - a potion of mutation {unknown}
 e - a potion of heal wounds {unknown}
 f - 4 potions of cancellation {unknown}
 g - a potion of berserk rage {unknown}
 k - a potion of attraction {unknown}
 l - 2 potions of degeneration
 m - a potion of magic {unknown}
 p - a potion of brilliance {unknown}


   Skills:
 - Level 3.2 Fighting
 - Level 2.6 Dodging
 - Level 2.1 Stealth
 + Level 6.5 Unarmed Combat


You had 4 spell levels left.
You didn't know any spells.
Your spell library contained the following spells:

 Spells                   Type           Power      Damage    Failure   Level
 Summon Small Mammal      Summ           0%         N/A       100%        1
 Call Canine Familiar     Summ           0%         N/A       100%        3
 Portal Projectile        Hex/Tloc       0%         N/A       100%        3
 Summon Guardian Golem    Hex/Summ       0%         N/A       100%        3
 Tukima's Dance           Hex            0%         N/A       100%        3
 Blade Hands              Tmut           Unusable   N/A       N/A         5

Dungeon Overview and Level Annotations

Branches:
Dungeon (4/15)
 Temple: D:4-7

Altars:


Innate Abilities, Weirdness & Mutations

You are immune to poison.
You have sharp fingernails.
Your flesh is cold resistant. (rC+)
You are immune to negative energy. (rN+++)
You do not regenerate when monsters are visible.
You are immune to unholy pain and torment.
You thrive by killing the living.


Message History

You barely miss the gnoll.
The gnoll is moderately wounded.
The gnoll hits you from afar with a +0 halberd!
The gnoll hits you but does no damage.
You are too injured to fight recklessly!
You are too injured to fight recklessly!
You are too injured to fight recklessly!
You are too injured to fight recklessly!
You are too injured to fight recklessly!
You are too injured to fight recklessly!
You are too injured to fight recklessly!
You are too injured to fight recklessly!
You are too injured to fight recklessly!
You are too injured to fight recklessly!
You are too injured to fight recklessly!
You are too injured to fight recklessly!
You are too injured to fight recklessly!
You are too injured to fight recklessly!
You claw the gnoll!
You kill the gnoll!
You feel better. The gnoll hits you but does no damage.
You scratch the iguana but do no damage.
The gnoll closely misses you.
The iguana bites you but does no damage.
You barely miss the iguana.
The gnoll hits you from afar with a +0 halberd.
The iguana bites you.
You scratch the iguana.
The iguana is heavily wounded.
The gnoll hits you from afar with a +0 halberd!
The iguana bites you!
You claw the iguana!
The iguana is almost dead.
The gnoll hits you from afar with a +0 halberd!
* * * LOW HITPOINT WARNING * * *
The iguana bites you but does no damage.
You scratch the iguana.
You kill the iguana!
The gnoll hits you from afar with a +0 halberd!
You die...

.#...# ....#
....# ....#
# #...
#.##..
#..g.# ##
#)# #.. #@#
#...#$#
#.....######
#..###.....#
#. #.###.#
.. #.#
#.####### .#
#)#
#......)#
..#
#######.#
### #.#


You could see a gnoll.

Vanquished Creatures
  2 iguanas
  5 gnolls
  3 adders (D:2)
  A worm (D:3)
  2 dart slugs
  An orc (D:3)
  A bat (D:2)
  3 endoplasms
  2 giant cockroaches
  5 goblins
  2 hobgoblins
  3 quokkas
  10 ball pythons
  8 frilled lizards
  3 kobolds
  4 rats
55 creatures vanquished.

Notes
Turn   | Place    | Note
-------+----------+-------------------------------------------
     0 | D:1      | Bartlander the Ghoul Monk began the quest for the Orb.
     0 | D:1      | Reached XP level 1. HP: 19/19 MP: 0/0
   692 | D:1      | Reached XP level 2. HP: 26/26 MP: 1/1
   752 | D:1      | Reached skill level 4 in Unarmed Combat
   851 | D:1      | Found a faded altar of an unknown god.
  1196 | D:2      | Reached XP level 3. HP: 25/31 MP: 2/2
  1398 | D:2      | Reached skill level 5 in Unarmed Combat
  1406 | D:2      | Reached XP level 4. HP: 21/38 MP: 3/3
  2601 | D:3      | Reached skill level 6 in Unarmed Combat
  2653 | D:3      | Reached XP level 5. HP: 37/45 MP: 2/4
  3281 | D:4      | Slain by a gnoll

Illustrated notes

Levels and vault maps discovered:
D:1:      dpeg_arrival_rhombi, layout_loops_corners,
          shapermc_ecumenical_altar_pompeii
D:2:      layout_rooms, chequers_serial_rivers_room_a
D:3:      layout_basic, mainiacjoe_overflow_concentric_impassable,
          minmay_misc_feat_encased, hangedman_decor_diamond_cutter,
          kennysheep_another_room
D:4:      layout_basic

Skill      XL: |  1  2  3  4 |
---------------+-------------+-----
Unarmed Combat | 4 5 6 |  6.5
Fighting       | |  3.2
Dodging        | |  2.6
Stealth        | |  2.1

Action                   |  1- 3 |  4- 6 || total
-------------------------+-------+-------++-------
Melee: Unarmed           |    67 |    95 ||   162
       Punch             |     2 |     7 ||     9
  Use: Scroll            |     4 |     4 ||     8
 Stab: Sleeping          |     2 |       ||     2
Armor: Robe              |     7 |       ||     7
       Scale mail        |     7 |     6 ||    13
       Chain mail        |       |    20 ||    20
Dodge: Dodged            |    35 |    33 ||    68
